 Dungeon Crawl Stone Soup version 0.29.1-15-g9cfb28693d (webtiles) character file.

Game seed: 5304834131378186760

119 growler the Insei (level 5, 7/37 HPs)
             Began as a Merfolk Transmuter on Mar 14, 2023.
             Quit the game on level 1 of the Abyss.
             The game lasted 00:06:18 (2994 turns).

growler the Insei (Merfolk Transmuter)              Turns: 2994, Time: 00:06:18

Health: 7/37       AC:  2    Str: 10    XL:     5   Next: 3%
Magic:  4/9        EV: 20    Int: 14    God:
Gold:   180        SH:  0    Dex: 20    Spells: 4/10 levels left

rFire   . . .      SeeInvis .     - Unarmed
rCold   . . .      Faith    .   (shield currently unavailable)
rNeg    . . .      Spirit   .   (body armour currently unavailable)
rPois   x          Reflect  .   (helmet currently unavailable)
rElec   .          Harm     .   (cloak currently unavailable)
rCorr   .          Rampage  .   (gloves currently unavailable)
Will    .....                   (boots currently unavailable)
Stlth   ++........              (no amulet)
HPRegen 0.12/turn               (no ring)
MPRegen 0.11/turn               (no ring)

@: spider-form (expiring), wereblooded
A: venomous fangs, tiny, (nimble swimmer 2), (mertail)
a: End Transformation


You were on level 1 of the Abyss.
You were a venomous arachnid creature.
You visited 1 branch of the dungeon, and saw 3 of its levels.
You visited the Abyss 1 time.

You collected 180 gold pieces.

Inventory:

Armour
 a - a +0 robe (melded)
Jewellery
 o - a ring of fire
Scrolls
 c - 4 scrolls of teleportation {unknown}
 f - a scroll of poison {unknown}
 k - 3 scrolls of magic mapping {unknown}
 l - 3 scrolls of identify {unknown}
 m - a scroll of enchant weapon {unknown}
Potions
 b - 3 potions of lignification
 e - a potion of might {unknown}
 g - a potion of mutation {unknown}
 h - a potion of heal wounds {unknown}
 i - a potion of invisibility {unknown}
 j - a potion of resistance
 n - a potion of degeneration {unknown}


   Skills:
 - Level 1.1 Fighting
 - Level 2.6 Dodging
 + Level 4.8 Unarmed Combat
 - Level 3.0 Spellcasting
 - Level 4.0 Transmutations


You had 4 spell levels left.
You knew the following spells:

 Your Spells              Type           Power      Damage    Failure   Level
a - Beastly Appendage     Tmut           26%        N/A       13%         1
b - Wereblood             Tmut           13%        N/A       17%         2
c - Spider Form           Tmut/Pois      7%         N/A       50%         3

Your spell library contained the following spells:

 Spells                   Type           Power      Damage    Failure   Level
 Apportation              Tloc           4%         N/A       43%         1
 Necrotise                Necr           8%         1d4       43%         1
 Summon Small Mammal      Summ           8%         N/A       43%         1
 Call Canine Familiar     Summ           2%         N/A       75%         3
 Summon Guardian Golem    Hex/Summ       2%         N/A       75%         3
 Ice Form                 Ice/Tmut       7%         N/A       85%         4


Dungeon Overview and Level Annotations

Branches:
Dungeon (3/15)

Altars:


Innate Abilities, Weirdness & Mutations

You are a venomous arachnid creature.
You have poisonous fangs.
You are tiny and dextrous.
Your spellcasting is less reliable in this form.
Your armour is entirely melded.
You are incapable of wielding weapons or throwing items.
((You are very nimble when in or above water. (Stealth+, EV+, Speed+++)))
((Your lower body shifts to a powerful aquatic tail in water.))


Message History

There is a stone staircase leading down here.
You start resting.
You start to feel less resistant.
You start resting.
Your resistance to elements expires.
You start resting.
HP restored.
Casting: Spider Form (quite dangerous; 28% risk of failure)
Confirm with . or Enter, or press ? or * to list all spells.
Your blood is infused with primal strength.
Casting: Wereblood (safe; 6% risk of failure)
Confirm with . or Enter, or press ? or * to list all spells.
The spell is quite dangerous to miscast (28% risk of failure)!
Continue anyway?
You turn into a venomous arachnid creature.
Your +0 robe melds into your body.
You climb downwards.
There is a stone staircase leading up here.
You hit the gnoll.
The gnoll is poisoned.
The gnoll is moderately wounded.
The gnoll completely misses you.
You hit the gnoll.
The gnoll looks as sick as possible!
The gnoll is severely wounded.
Your transformation is almost over.
The gnoll closely misses you.
You bite the gnoll!
You kill the gnoll!
You have reached level 5!
You feel agile.
The gnoll hits you with a +1 spear of distortion!
Space warps horribly around you!!
Ouch! That really hurt!
* * * LOW HITPOINT WARNING * * *
You see here a +0 whip.
You bite the gnoll!
The gnoll looks as sick as possible!
The gnoll is severely wounded.
The gnoll hits you with a +1 spear of distortion.
* * * LOW HITPOINT WARNING * * *
You are cast into the Abyss!
This branch contains the abyssal rune of Zot.
Are you sure you want to abandon this character and quit the game? (Confirm with "yes".)

.# .. .#
.. .# .#
..######.#
...∩...s.#
.#.....###
.......
.......
.#...#.
.....#.
.... #.
.#.. ..


There were no monsters in sight!

Vanquished Creatures
  Jessica (D:1)
  An adder (D:2)
  2 gnolls (D:3)
  2 dart slugs
  5 orcs (D:3)
  2 ball pythons
  8 endoplasms
  3 giant cockroaches
  5 hobgoblins
  2 quokkas
  3 bats
  2 frilled lizards
  4 goblins (D:1)
  4 kobolds
  11 rats
55 creatures vanquished.

Notes
Turn   | Place    | Note
-------+----------+-------------------------------------------
     0 | D:1      | growler the Merfolk Transmuter began the quest for the Orb.
     0 | D:1      | Reached XP level 1. HP: 15/15 MP: 3/3
   195 | D:1      | Reached XP level 2. HP: 19/21 MP: 3/5
   198 | D:1      | Learned a level 2 spell: Wereblood
   655 | D:1      | Found a faded altar of an unknown god.
   661 | D:1      | Reached XP level 3. HP: 26/26 MP: 4/6
   671 | D:1      | Learned a level 3 spell: Spider Form
  1252 | D:2      | Noticed Jessica
  1264 | D:1      | Killed Jessica
  1308 | D:2      | Reached XP level 4. HP: 18/32 MP: 6/8
  1892 | D:2      | You fall into a shaft and drop 1 floor!
  2992 | D:3      | Reached XP level 5. HP: 37/37 MP: 3/9
  2993 | Abyss:1  | Cast into level 1 of the Abyss (gnoll)
  2994 | Abyss:1  | Quit the game

Illustrated notes

Levels and vault maps discovered:
D:1:      mushboom_english_gardens, layout_loops_ring,
          hellmonk_ecumenical_altar_run_dry
D:2:      layout_basic, grunt_decor_one_mirror, uniq_jessica
D:3:      layout_basic, nicolae_sif_muna_little_library, gup_sewer_entry_spiral
Abyss:1:  base:
D:3

Skill      XL: |  1  2  3  4 |
---------------+-------------+-----
Transmutations | 3 4 |  4.0
Unarmed Combat | 4 |  4.8
Spellcasting   | 3 |  3.0
Fighting       | |  1.1
Dodging        | |  2.6

Action                   |  1- 3 |  4- 6 || total
-------------------------+-------+-------++-------
Melee: Unarmed           |    79 |    88 ||   167
       Headbutt          |    11 |     6 ||    17
       Punch             |       |     2 ||     2
 Cast: Beastly Appendage |    17 |    11 ||    28
       Wereblood         |     1 |     3 ||     4
       Spider Form       |       |     3 ||     3
  Use: Scroll            |     1 |     1 ||     2
       Potion            |       |     1 ||     1
 Stab: Sleeping          |     4 |     1 ||     5
Armor: Robe              |    17 |    20 ||    37
Dodge: Dodged            |    35 |    59 ||    94
